 Dungeon Crawl Stone Soup version 0.27-a0-1312-g5cdb2b3542 (webtiles) character file.

Game seed: 2878191015099231991

60 puppykicker the Vexing (level 4, 0/33 HPs)
             Began as a Formicid Arcane Marksman on June 20, 2021.
             Succumbed to an adder's poison
             ... on level 2 of the Dungeon on June 21, 2021.
             The game lasted 00:06:50 (1651 turns).

puppykicker the Vexing (Formicid Arcane Marksman)   Turns: 1651, Time: 00:06:51

Health: 0/33       AC:  5    Str: 12    XL:     4   Next: 25%
Magic:  1/6        EV: 10    Int: 14    God:
Gold:   59         SH:  0    Dex: 11    Spells: 2/5 levels left

rFire    + . .     SeeInvis +   b - +0 hand crossbow
rCold    . . .     Faith    .   (no shield)
rNeg     . . .     Spirit   .   h - +0 ring mail
rPois    .         Reflect  .   (helmet unavailable)
rElec    .         Harm     .   (no cloak)
rCorr    .         Rampage  .   (no gloves)
Will     .....                  (no boots)
Stlth    +.........             (no amulet)
HPRegen  0.11/turn              F - ring of protection from fire
MPRegen  0.10/turn              (no ring)

@: lethally poisoned (0 -> -2)
A: permanent stasis, dig shafts and tunnels, antennae 3, four strong arms, weak
1
a: Dig, Shaft Self


You were on level 2 of the Dungeon.
You visited 1 branch of the dungeon, and saw 2 of its levels.

You collected 59 gold pieces.

Inventory:

Hand Weapons
 a - a +1 whip of electrocution
 b - a +0 hand crossbow (weapon)
Missiles
 Q - 10 bolts (quivered ammo)
Armour
 h - a +0 ring mail (worn)
Jewellery
 F - a ring of protection from fire (left hand)
Scrolls
 d - a scroll of enchant weapon {unknown}
 e - a scroll of blinking {unknown}
 f - a scroll of immolation {!r}
 g - a scroll of vulnerability {unknown}
 j - a scroll of teleportation {unknown}


   Skills:
 + Level 2.1 Fighting
 * Level 3.2 Crossbows
 + Level 0.7 Armour
 - Level 2.0 Dodging
 + Level 1.4 Spellcasting
 + Level 3.8 Hexes


You had 2 spell levels left.
You knew the following spells:

 Your Spells              Type           Power      Damage    Failure   Level
a - Corona                Hex            12%        N/A       12%         1
s - Slow                  Hex            11%        N/A       19%         2

Your spell library contained the following spells:

 Spells                   Type           Power      Damage    Failure   Level
 Inner Flame              Hex/Fire       6%         N/A       61%         3
 Portal Projectile        Hex/Tloc       12%        N/A       61%         3
 Cause Fear               Hex            5%         N/A       77%         4
 Leda's Liquefaction      Hex/Erth       3%         N/A       95%         4


Dungeon Overview and Level Annotations

Branches:
Dungeon (2/15)

Altars:

Shops:
D:1 *


Innate Abilities, Weirdness & Mutations

You cannot be hasted, slowed, berserked, paralysed or teleported.
You can dig through walls and to a lower floor.
You have a pair of large antennae on your head. (SInv)
Your four strong arms can wield two-handed weapons with a shield.
You are weak. (Str -2)


Message History

Unknown command.
Fire: 12 bolts
Press: ? - help, Q - select action Shift-Dir - straight line, f/p - adder
Aim: an adder (severely wounded, slow, softly glowing, 62% to hit)
You shoot a bolt. The bolt closely misses the adder.
The adder stops glowing.
The adder bites you.
* * * LOW HITPOINT WARNING * * *
You are lethally poisoned!
The adder poisons you!
You take 2 damage, and have 6/33 hp.
Fire: 11 bolts
Press: ? - help, Q - select action Shift-Dir - straight line, f/p - adder
Aim: an adder (severely wounded, slow, 44% to hit)
You shoot a bolt. The bolt hits the adder!
You kill the adder!
* * * LOW HITPOINT WARNING * * *
You feel very sick.
Training target 2.0 for Dodging reached!
Your Dodging skill increases to level 2!
You take 3 damage, and have 3/33 hp.
There is a lethal amount of poison in your body!
There is a lethal amount of poison in your body!
Really quaff
c - a potion of mutation {!q}?
Really quaff the potion of mutation?
You feel extremely strange.
You feel weaker.
* * * LOW HITPOINT WARNING * * *
You feel sick.
You take 1 damage, and have 2/33 hp.
* * * LOW HITPOINT WARNING * * *
You feel sick.
Your magical contamination has completely faded away.
You see here 2 bolts.
You take 1 damage, and have 1/33 hp.
Okay, then.
* * * LOW HITPOINT WARNING * * *
You feel sick.
Things that are here:
a bolt; a hobgoblin corpse You die...

#.........#
#.......#
#.#######.#
#####.###
#.# #.# #.#
+# #.# #.#
#(#
.#######(###
........@..+
####....####
#.#.## #. ##
#


There were no monsters in sight!

Levels and vault maps discovered:
D:1:      tarquinn_simple_flora_water_e, layout_basic, serial_shops,
          nicolae_shop_overgrown_old_shop, hellmonk_ecumenical_altar_blasted,
          minmay_tetromino_i2
D:2:      layout_loops_corners, minmay_tripent, uniq_sigmund

Notes
Turn   | Place    | Note
-------+----------+-------------------------------------------
     0 | D:1      | puppykicker the Formicid Arcane Marksman began the quest
                  | for the Orb.
     0 | D:1      | Reached XP level 1. HP: 15/15 MP: 2/2
     4 | D:1      | Found Sylufekk's Assorted Antiques.
    35 | D:1      | Identified a +1 whip of electrocution
    52 | D:1      | Found a faded altar of an unknown god.
    87 | D:1      | Identified a +0 dagger
    92 | D:1      | Reached XP level 2. HP: 16/21 MP: 3/3
   195 | D:1      | HP: 3/21 [quokka (5)]
   459 | D:1      | Identified a +0 dagger
   491 | D:1      | Identified a +0 ring mail
   507 | D:1      | Learned a level 2 spell: Slow
   617 | D:1      | Identified a +0 club
   622 | D:1      | Reached XP level 3. HP: 23/27 MP: 4/4
   648 | D:1      | Identified a +0 short sword
   653 | D:1      | Reached skill level 3 in Crossbows
   739 | D:1      | Identified a +0 whip
   741 | D:1      | Identified a +0 dagger
   754 | D:1      | Identified a ring of protection from fire
   961 | D:1      | Identified a +0 club
  1001 | D:2      | HP: 6/27 [adder (2)]
  1006 | D:2      | HP: 2/27 [poisoned by an adder]
  1094 | D:2      | Identified a +0 hand crossbow
  1108 | D:2      | HP: 6/27 [hobgoblin (2)]
  1110 | D:2      | Reached skill level 2 in Fighting
  1354 | D:2      | Identified a +0 short sword
  1363 | D:2      | Identified a +0 club
  1529 | D:2      | Reached XP level 4. HP: 33/33 MP: 6/6
  1613 | D:2      | Identified 2 scrolls of identify
  1613 | D:2      | Identified a potion of mutation
  1614 | D:2      | Identified 2 potions of degeneration
  1645 | D:2      | HP: 8/33 [adder (3)]
  1647 | D:2      | HP: 3/33 [poisoned by an adder]
  1648 | D:2      | Reached skill level 2 in Dodging
  1648 | D:2      | Gained mutation: You are weak. (Str -2) [potion of
                  | mutation]
  1649 | D:2      | HP: 1/33 [poisoned by an adder]
  1651 | D:2      | Succumbed to an adder's poison

Table legend: (Time is in decaauts)
 A = Elapsed time spent in this place.
 B = Non-inter-level travel time spent in this place.
 C = Inter-level travel time spent in this place.
 D = Time resting spent in this place.
 E = Time spent auto-exploring this place.
 F = Levels seen in this place.
 G = Mean time per level.
                   A        B        C        D        E       F      G
               +--------+--------+--------+--------+--------+-----+--------+
         Total |   1664 |   1652 |     12 |    840 |    545 |   2 |  832.0 |
       Dungeon |   1664 |   1652 |     12 |    840 |    545 |   2 |  832.0 |
               +--------+--------+--------+--------+--------+-----+--------+

Top non-repeatable levels by time:
     D:1: 989 daAuts
     D:2: 674 daAuts

Table legend:
 A = Kills in this place as a percentage of kills in entire the game.
 B = Kills by you in this place as a percentage of kills by you in the entire game.
 C = Kills by friends in this place as a percentage of kills by friends in the entire game.
 D = Other kills in this place as a percentage of other kills in the entire game.
 E = Experience gained in this place as a percentage of experience gained in the entire game.
 F = Experience gained in this place divided by the number of levels of this place that you have seen.
                   A       B       C       D       E      F
               +-------+-------+-------+-------+-------+----------------------
         Total | 100.0 | 100.0 |   N/A |   N/A | 100.0 |  43.5
       Dungeon | 100.0 | 100.0 |   N/A |   N/A | 100.0 |  43.5
               +-------+-------+-------+-------+-------+----------------------

Skill      XL: |  1  2  3  4 |
---------------+-------------+-----
Crossbows      | 3 |  3.2
Fighting       | 2 |  2.1
Dodging        | 2 |  2.0
Armour         | |  0.7
Spellcasting   | |  1.4
Hexes          | |  3.8

Action                   |  1- 3 |  4- 6 || total
-------------------------+-------+-------++-------
Melee: Whip              |    89 |     4 ||    93
 Fire: Hand crossbow     |     9 |     7 ||    16
 Cast: Corona            |     1 |     1 ||     2
       Slow              |       |     1 ||     1
 Abil: Dig               |     2 |       ||     2
  Use: Scroll            |       |     2 ||     2
       Potion            |       |     1 ||     1
Armor: Robe              |     4 |       ||     4
       Ring mail         |    22 |     7 ||    29
Dodge: Dodged            |    68 |     8 ||    76

Vanquished Creatures
  2 adders (D:2)
  2 endoplasms (D:1)
  5 giant cockroaches
  4 goblins
  5 hobgoblins
  4 jackals (D:1)
  3 quokkas (D:1)
  2 ball pythons (D:1)
  A bat (D:1)
  6 kobolds
  2 rats (D:1)
36 creatures vanquished.
